[Event "ICC tourney 1980 (3 2)"]
[Site "Internet Chess Club"]
[Date "2020.08.28"]
[Round "7"]
[White "BreatheChessAls"]
[Black "ivo20"]
[Result "1-0"]
[ICCResult "Black checkmated"]
[WhiteElo "1546"]
[BlackElo "1239"]
[Opening "Queen's pawn, Mason variation"]
[ECO "D00"]
[NIC "QP.08"]
[Time "21:32:11"]
[TimeControl "180+2"]

1. d4 d5 2. Bf4 Nc6 3. e3 Bf5 4. c3 e6 5. Nd2 Nf6 6. Qb3 Rb8 7. Ngf3 Bd6 8.
Ne5 Bxe5 9. dxe5 Ne4 10. Nxe4 Bxe4 11. f3 Bg6 12. h4 h6 13. h5 Bh7 14. Be2
O-O 15. g4 f6 16. exf6 Rxf6 17. g5 Rf8 18. g6 Bxg6 19. hxg6 e5 20. Bg3 e4
21. fxe4 Na5 22. Qxd5+ Kh8 23. Qxa5 b6 24. Qd5 Qe7 25. Qd4 Rbd8 26. Rxh6+
Kg8 27. Bc4+ Rf7 28. gxf7+ Qxf7 29. Qxd8# {Black checkmated} 1-0

[Event "ICC tourney 1980 (3 2)"]
[Site "Internet Chess Club"]
[Date "2020.08.28"]
[Round "7"]
[White "ConnorGo"]
[Black "vedanta07"]
[Result "0-1"]
[ICCResult "White checkmated"]
[WhiteElo "1272"]
[BlackElo "1344"]
[Opening "Sicilian defense"]
[ECO "B40"]
[NIC "SI.43"]
[Time "21:32:14"]
[TimeControl "180+2"]

1. e4 c5 2. Nf3 e6 3. e5 Nc6 4. Bb5 g6 5. Bxc6 bxc6 6. O-O Bg7 7. Re1 Ne7 8.
d4 cxd4 9. Nxd4 O-O 10. Bg5 h6 11. Bh4 Re8 12. Bf6 Bxf6 13. exf6 Nd5 14. Qf3
Qxf6 15. Qxf6 Nxf6 16. Nc3 Rb8 17. b3 Nd5 18. Nxd5 cxd5 19. Re3 e5 20. Nf3
d6 21. Rae1 d4 22. Nxd4 Bb7 23. Nb5 Re6 24. c4 a6 25. Nc3 f5 26. f4 e4 27.
g3 g5 28. Kf2 gxf4 29. gxf4 Kf7 30. Rd1 Rg8 31. Rg3 Reg6 32. Rxg6 Rxg6 33.
Ke3 Ke6 34. Nd5 Bxd5 35. Rxd5 Rg2 36. Ra5 Rxh2 37. Kd4 Rh3 38. Rxa6 Rd3#
{White checkmated}
0-1

[Event "ICC tourney 1980 (3 2)"]
[Site "Internet Chess Club"]
[Date "2020.08.28"]
[Round "7"]
[White "BMWHero"]
[Black "Tombstone"]
[Result "1-0"]
[ICCResult "Black checkmated"]
[WhiteElo "2550"]
[BlackElo "1683"]
[Opening "Sicilian: Najdorf, 7.f4"]
[ECO "B96"]
[NIC "SI.04"]
[Time "21:32:07"]
[TimeControl "180+2"]

1. e4 c5 2. Nf3 d6 3. d4 cxd4 4. Nxd4 Nf6 5. Nc3 a6 6. Bg5 e6 7. f4 h6 8.
Bh4 Qb6 9. Qd3 Qxb2 10. Rb1 Qa3 11. f5 e5 12. Bxf6 gxf6 13. Nb3 Nc6 14. Be2
Be7 15. Bh5 Nb4 16. Qd2 Bd7 17. O-O Bc6 18. Rf3 Rd8 19. Rg3 d5 20. exd5 Nxd5
21. Rg7 Rf8 22. Nxd5 Rxd5 23. Qxh6 Qxa2 24. Rc1 Qa4 25. Rxf7 Rxf7 26. Qh8+
Bf8 27. Qxf6 Rd7 28. Qxe5+ Kd8 29. Qb8+ Ke7 30. Re1+ Be4 31. Qe5+ Kd8 32.
Rxe4 Qc6 33. Qb8+ Qc8 34. Re8+ Kxe8 35. Qxc8+ Rd8 36. Bxf7+ Kxf7 37. Qxd8
Be7 38. Qd7 Kf6 39. Qe6+ Kg7 40. Qxe7+ Kg8 41. f6 Kh8 42. Qg7#
{Black checkmated}
1-0

[Event "ICC tourney 1980 (3 2)"]
[Site "Internet Chess Club"]
[Date "2020.08.28"]
[Round "7"]
[White "LChessMaster"]
[Black "Joelpaulg"]
[Result "1-0"]
[ICCResult "Black resigns"]
[WhiteElo "1596"]
[BlackElo "1578"]
[Opening "King's Indian: London system"]
[ECO "A48"]
[NIC "QP.06"]
[Time "21:32:20"]
[TimeControl "180+2"]

1. d4 Nf6 2. Nf3 g6 3. Bf4 c5 4. c3 Qb6 5. Qc2 Nd5 6. Be5 f6 7. Bg3 Bg7 8.
e4 Nc7 9. Nbd2 d6 10. Bc4 Qc6 11. O-O b5 12. Be2 O-O 13. a4 Bb7 14. axb5
Nxb5 15. Qb3+ c4 16. Bxc4+ Kh8 17. Qxb5 Qc8 18. Be6 Qd8 19. Qxb7 f5 20. Qxa8
Qb6 21. Qd5 Qxb2 22. Qb3 Qxb3 23. Bxb3 fxe4 24. Nxe4 Nc6 25. Bd5 Nd8 26.
Rxa7 e6 27. Bb3 d5 28. Neg5 h6 29. Nh3 g5 30. Ne5 Kh7 31. Ng4 h5 32. Ne3 g4
33. Nf4 h4 34. Bxh4 Rxf4 35. Bxd8 e5 36. Nxd5 {Black resigns} 1-0

[Event "ICC tourney 1980 (3 2)"]
[Site "Internet Chess Club"]
[Date "2020.08.28"]
[Round "7"]
[White "rjc64uk"]
[Black "davika21"]
[Result "1-0"]
[ICCResult "Black resigns"]
[WhiteElo "1571"]
[BlackElo "1564"]
[Opening "Vienna: Paulsen variation"]
[ECO "C25"]
[NIC "VG.04"]
[Time "21:32:07"]
[TimeControl "180+2"]

1. e4 e5 2. Nc3 Nc6 3. g3 Nf6 4. Bg2 d6 5. Nge2 Be7 6. O-O O-O 7. h3 Be6 8.
d4 exd4 9. Nxd4 h6 10. Nxe6 fxe6 11. Be3 Qe8 12. Qe2 e5 13. Rad1 Rd8 14. f4
exf4 15. gxf4 Nh5 16. Qg4 Nf6 17. Qf3 Qh5 18. Qg3 Nb4 19. Bf3 Qf7 20. Rf2
Nh5 21. Qg4 Nxf4 22. Bh1 Qe6 23. Rxf4 Qxg4+ 24. Rxg4 Nxc2 25. Bxh6 Rf7 26.
e5 dxe5 27. Rxd8+ Bxd8 28. Bd5 {Black resigns} 1-0

[Event "ICC tourney 1980 (3 2)"]
[Site "Internet Chess Club"]
[Date "2020.08.28"]
[Round "7"]
[White "tangent"]
[Black "JosephLevine"]
[Result "1/2-1/2"]
[ICCResult "Game drawn by repetition"]
[WhiteElo "1892"]
[BlackElo "1710"]
[Opening "Catalan: closed, 7.Qc2"]
[ECO "E08"]
[NIC "CA.04"]
[Time "21:32:12"]
[TimeControl "180+2"]

1. d4 d5 2. c4 e6 3. Nf3 Nf6 4. g3 Be7 5. Bg2 O-O 6. O-O Nbd7 7. Qc2 c5 8.
cxd5 Nxd5 9. a3 Qc7 10. e4 cxd4 11. Qxc7 Nxc7 12. Nxd4 Nc5 13. Bf4 Bf6 14.
e5 g5 15. exf6 gxf4 16. Nc3 e5 17. Ndb5 Nxb5 18. Nxb5 Be6 19. Rfe1 Nd3 20.
Re2 Rad8 21. Bxb7 Rb8 22. Ba6 Bc4 23. Nc7 Bxa6 24. Nxa6 Rxb2 25. Rxb2 Nxb2
26. Re1 Nd3 27. Re4 Rd8 28. Nb4 Nxb4 29. axb4 f3 30. h4 Rd1+ 31. Kh2 Rf1 32.
g4 Rxf2+ 33. Kg3 Rb2 34. Rxe5 h6 35. Kxf3 Rxb4 36. Re8+ Kh7 37. Re7 Rb3+ 38.
Kf4 Rb4+ 39. Kf5 Rb5+ 40. Kf4 Rb4+ 41. Kf5 Rb5+ 42. Kf4 Rb4+ 43. Kf5
{Game drawn by repetition}
1/2-1/2

[Event "ICC tourney 1980 (3 2)"]
[Site "Internet Chess Club"]
[Date "2020.08.28"]
[Round "7"]
[White "helavir"]
[Black "tactics321"]
[Result "0-1"]
[ICCResult "White resigns"]
[WhiteElo "2224"]
[BlackElo "2215"]
[Opening "Sicilian: Nimzovich-Rossolimo attack (without ...d6)"]
[ECO "B30"]
[NIC "SI.31"]
[Time "21:32:30"]
[TimeControl "180+2"]

1. e4 c5 2. Nf3 Nc6 3. Bb5 e6 4. O-O Nge7 5. d4 cxd4 6. Nxd4 Ng6 7. Be3 Be7
8. Be2 O-O 9. c4 Nxd4 10. Qxd4 b6 11. Nc3 Bb7 12. Rfd1 Bc6 13. Rac1 Bf6 14.
Qd2 Qe7 15. f3 Rad8 16. Kh1 Be5 17. Qe1 f5 18. exf5 Rxf5 19. Bd3 Rh5 20. Bg1
Qg5 21. Be4 Nh4 22. Rc2 Nf5 23. Bxf5 Qxf5 24. Re2 Rf8 25. Ne4 Qf4 26. h3
Rxh3+ 27. gxh3 Qxf3+ 28. Rg2 Bxe4 29. Rd2 Qxh3+ {White resigns} 0-1

[Event "ICC tourney 1980 (3 2)"]
[Site "Internet Chess Club"]
[Date "2020.08.28"]
[Round "7"]
[White "Goran21"]
[Black "steinutz"]
[Result "1-0"]
[ICCResult "Black resigns"]
[WhiteElo "2079"]
[BlackElo "1542"]
[Opening "Scandinavian: Pytel-Wade variation"]
[ECO "B01"]
[NIC "SD.02"]
[Time "21:32:16"]
[TimeControl "180+2"]

1. e4 d5 2. exd5 Qxd5 3. Nc3 Qd6 4. Nb5 Qb6 5. d4 c6 6. Nc3 Nf6 7. Nf3 Bf5
8. Bc4 e6 9. O-O Be7 10. h3 Nbd7 11. Bf4 h6 12. Bb3 O-O 13. Re1 Nh7 14. d5
Nc5 15. d6 Bf6 16. Be3 Qa5 17. Nd4 Bxd4 18. Qxd4 Nxb3 19. axb3 Qd8 20. Qd2
a6 21. Na4 Nf6 22. Bb6 Qc8 23. Bd4 Nd7 24. c4 c5 25. Be3 Qc6 26. Nc3 Rfd8
27. Rad1 Ne5 28. Bxh6 gxh6 29. Rxe5 Kg7 30. Re3 Bg6 31. Rg3 Kh7 32. Qf4 Rd7
33. h4 Rad8 34. h5 Bxh5 35. Ne4 Bg6 36. Nf6+ Kg7 37. Qe5 Rxd6 38. Ne8+ Kf8
39. Nxd6 Ke7 40. Rxg6 Rxd6 41. Qxd6+ Qxd6 42. Rxd6 Kxd6 43. Rxh6 Ke5 44. Rh7
b5 45. Rxf7 bxc4 46. bxc4 Kd4 47. g4 Kxc4 48. g5 Kb3 49. g6 Kxb2 50. g7 c4
51. g8=Q c3 52. Rc7 c2 53. Qxe6 c1=Q+ 54. Rxc1 Kxc1 55. Qxa6 Kb2 56. Qe6 Kc2
57. Qe4+ {Black resigns} 1-0

[Event "ICC tourney 1980 (3 2)"]
[Site "Internet Chess Club"]
[Date "2020.08.28"]
[Round "7"]
[White "Zwish"]
[Black "Ayushb"]
[Result "1-0"]
[ICCResult "Black forfeits on time"]
[WhiteElo "1282"]
[BlackElo "1505"]
[Opening "Anderssen's opening"]
[ECO "A00"]
[NIC "VO.14"]
[Time "21:32:13"]
[TimeControl "180+2"]

1. a3 e5 2. c4 Nf6 3. e3 Nc6 4. Qc2 d5 5. cxd5 Qxd5 6. Nc3 Qd8 7. Nf3 Bc5 8.
Bb5 Qd6 9. Na4 Bb6 10. Nxe5 Qxe5 11. Bxc6+ Bd7 12. Bxb7 Rb8 13. Bf3 O-O 14.
O-O Rfd8 15. Nxb6 cxb6 16. d4 Qa5 17. Bd2 Qa6 18. Bc3 Bb5 19. Rfe1 Bd3 20.
Qd2 Ne4 21. Bxe4 Bxe4 22. f3 Bg6 23. e4 Rd7 24. Rad1 Rbd8 25. Qe2 Qxe2 26.
Rxe2 f6 27. Red2 Kf7 28. Rd3 b5 29. Kf2 a6 30. R3d2 f5 31. Re1 Re8 32. e5
Ke6 33. Red1 Red8 34. Rc1 Rc8 35. Ke3 {Black forfeits on time} 1-0

[Event "ICC tourney 1980 (3 2)"]
[Site "Internet Chess Club"]
[Date "2020.08.28"]
[Round "7"]
[White "IndianTerritory"]
[Black "espark"]
[Result "1-0"]
[ICCResult "Black resigns"]
[WhiteElo "1742"]
[BlackElo "1777"]
[Opening "Robatsch defense: two knights variation"]
[ECO "B06"]
[NIC "KF.05"]
[Time "21:32:21"]
[TimeControl "180+2"]

1. e4 g6 2. d4 Bg7 3. Nc3 d6 4. Nf3 a6 5. Bc4 b5 6. Bb3 Bb7 7. O-O Nd7 8.
Ng5 e6 9. Bxe6 fxe6 10. Nxe6 Qc8 11. Nxg7+ Kf7 12. Nh5 gxh5 13. Qxh5+ Kg7
14. e5 dxe5 15. dxe5 Qe8 16. Qg4+ Kf8 17. f4 h5 18. Qf5+ Qf7 19. Qh3 Re8 20.
Be3 Nh6 21. Rad1 Nf5 22. Rfe1 Rg8 23. e6 Rxe6 24. Rxd7 Qxd7 25. Qxf5+ Ke8
26. Qxh5+ Qf7 27. Qxf7+ Kxf7 28. g3 Rge8 29. Kf2 Rc6 30. a3 a5 31. Re2 b4
32. axb4 axb4 33. Na2 Ba6 34. Nxb4 Bxe2 35. Nxc6 Bb5 36. Ne5+ Kf6 37. h4 Ra8
38. g4 Ra2 39. Bd4 Ra1 40. c4 Be8 41. b4 Rd1 42. Nf3+ Kf7 43. Ne5+ Kf6 44.
Be3 Rb1 45. Nd3 Rc1 46. Nxc1 {Black resigns} 1-0

[Event "ICC tourney 1980 (3 2)"]
[Site "Internet Chess Club"]
[Date "2020.08.28"]
[Round "7"]
[White "WR3311"]
[Black "MrNormalName"]
[Result "0-1"]
[ICCResult "White resigns"]
[WhiteElo "1599"]
[BlackElo "1927"]
[Opening "English opening"]
[ECO "A13"]
[NIC "EO.64"]
[Time "21:33:04"]
[TimeControl "180+2"]

1. c4 e6 2. g3 d5 3. cxd5 exd5 4. Bg2 Nf6 5. Nc3 d4 6. Ne4 Nxe4 7. Bxe4 Nd7
8. d3 Bd6 9. Bg2 O-O 10. Nf3 c5 11. O-O Nf6 12. e3 dxe3 13. Bxe3 Bg4 14. h3
Bh5 15. g4 Bg6 16. Rc1 Rc8 17. d4 c4 18. Qa4 Bd3 19. Rfe1 a6 20. Bf1 Bxf1
21. Rxf1 Qe7 22. Rfe1 Qd7 23. Qxd7 Nxd7 24. Bg5 f6 25. Bh4 Kf7 26. Bg3 Bxg3
27. fxg3 Nb6 28. Re2 Nd5 29. Rec2 b5 30. Re1 Rfe8 31. Rxe8 Rxe8 32. a3 Re3
33. Kf2 Rb3 34. Nd2 Rd3 35. Nf3 Ke6 36. Re2+ Kd6 37. Rc2 Ne3 38. Re2 Nd5 39.
Rd2 Rb3 40. Rc2 c3 41. bxc3 Rxc3 42. Rxc3 Nxc3 43. Nd2 Kd5 44. Ke3 Nd1+ 45.
Ke2 Nb2 46. Ke3 Nc4+ 47. Nxc4 Kxc4 48. Ke4 a5 49. d5 Kc5 50. h4 b4 51. axb4+
axb4 52. Kd3 Kxd5 53. Kc2 Ke4 {White resigns} 0-1

[Event "ICC tourney 1980 (3 2)"]
[Site "Internet Chess Club"]
[Date "2020.08.28"]
[Round "7"]
[White "londonkid"]
[Black "Kokoro"]
[Result "1-0"]
[ICCResult "Black resigns"]
[WhiteElo "1874"]
[BlackElo "1851"]
[Opening "QGD: exchange, positional line"]
[ECO "D35"]
[NIC "QO.16"]
[Time "21:33:04"]
[TimeControl "180+2"]

1. d4 d5 2. c4 e6 3. Nc3 Nf6 4. cxd5 exd5 5. Bg5 Be7 6. Qc2 O-O 7. e3 c6 8.
Bd3 Nbd7 9. Nf3 Re8 10. O-O Nf8 11. h3 g6 12. Ne5 Ne6 13. Bh4 Ng7 14. f4 Bf5
15. Rae1 Bxd3 16. Qxd3 Nf5 17. Bf2 Nd6 18. Bh4 Nfe4 19. Bxe7 Qxe7 20. Nxe4
Nxe4 21. f5 f6 22. Ng4 g5 23. h4 h5 24. Nh2 g4 25. Rf4 Qb4 26. Re2 Re7 27.
Nf1 Rae8 28. a3 Qa5 29. Kh2 Qc7 30. g3 Nd6 31. Nd2 Qb6 32. e4 Qxb2 33. e5
fxe5 34. f6 e4 35. Qe3 Rf7 36. Nxe4 Qb1 37. Nxd6 Rxe3 38. Rxe3 Qb2+ 39. Kg1
Qc1+ 40. Kf2 Qd2+ 41. Re2 Qd3 42. Nxf7 Kxf7 43. Re7+ Kf8 44. Re2 Qxa3 45. f7
Kg7 46. f8=Q+ Qxf8 47. Rxf8 Kxf8 48. Ke3 {Black resigns} 1-0

[Event "ICC tourney 1980 (3 2)"]
[Site "Internet Chess Club"]
[Date "2020.08.28"]
[Round "7"]
[White "TjkTiger"]
[Black "MasterZachary"]
[Result "1-0"]
[ICCResult "Black resigns"]
[WhiteElo "2106"]
[BlackElo "2171"]
[Opening "English: four knights, Nimzovich variation"]
[ECO "A28"]
[NIC "EO.09"]
[Time "21:32:14"]
[TimeControl "180+2"]

1. c4 e5 2. Nc3 Nf6 3. Nf3 Nc6 4. e4 Bb4 5. d3 d6 6. a3 Bxc3+ 7. bxc3 O-O 8.
g3 Nd7 9. Bg2 Nc5 10. Nh4 Ne7 11. d4 Nd7 12. O-O c5 13. Be3 Nb6 14. dxc5
Nxc4 15. cxd6 Nc6 16. Nf5 Bxf5 17. exf5 Qxd6 18. Qxd6 Nxd6 19. Bc5 Rfd8 20.
Rab1 Na5 21. Bxd6 Rxd6 22. Bxb7 Nxb7 23. Rxb7 Ra6 24. Rfb1 g6 25. fxg6 hxg6
26. R1b3 Rc8 27. Re7 Rb6 28. Rxb6 axb6 29. Rxe5 Rxc3 30. Re3 Rc2 31. Rb3 Ra2
32. g4 Kg7 33. g5 Ra1+ 34. Kg2 Ra2 35. h4 Ra1 36. f3 Ra2+ 37. Kg3 Ra1 38.
Kf4 Ra2 39. Ke5 Rh2 40. Rb4 Ra2 41. a4 Ra3 42. f4 Re3+ 43. Kd6 Rh3 44. Rxb6
Rxh4 45. Rb4 Rh1 46. Kc6 Ra1 47. Kb6 f6 48. a5 fxg5 49. fxg5 Kf7 50. a6 Ke6
51. a7 Kf5 52. Rb5+ Kg4 53. Ra5 Rb1+ 54. Ka6 {Black resigns} 1-0

[Event "ICC tourney 1980 (3 2)"]
[Site "Internet Chess Club"]
[Date "2020.08.28"]
[Round "7"]
[White "Xuanli28"]
[Black "kralj8"]
[Result "1-0"]
[ICCResult "Black forfeits on time"]
[WhiteElo "1671"]
[BlackElo "1568"]
[Opening "Two knights defense (Modern bishop's opening)"]
[ECO "C55"]
[NIC "IG.01"]
[Time "21:32:40"]
[TimeControl "180+2"]

1. e4 e5 2. Nf3 Nc6 3. Bc4 Nf6 4. d3 Be7 5. O-O O-O 6. Nbd2 d6 7. a4 Na5 8.
Ba2 Be6 9. Bxe6 fxe6 10. b4 Nc6 11. b5 Nb8 12. c4 h6 13. Ba3 Nbd7 14. c5
dxc5 15. Qb3 Kh8 16. Qxe6 Bd6 17. Nh4 Qe8 18. Qf5 Kg8 19. Bb2 Qh5 20. Qxh5
Nxh5 21. g3 Kh7 22. Nc4 Rae8 23. Nf5 Re6 24. a5 g6 25. Nfe3 Ndf6 26. b6 cxb6
27. axb6 axb6 28. Nxb6 Ng7 29. Nbd5 Nxd5 30. Nxd5 Ne8 31. Ra7 Rf7 32. Ba3
Nf6 33. Ne3 Ree7 34. Rc1 b6 35. Ra6 Rb7 36. Nc4 Bc7 37. Rb1 b5 38. Ne3 b4
39. Bb2 Bd6 40. Rxd6 Ne8 41. Rd5 Rfc7 42. Bxe5 Rc6 43. f4 b3 44. f5 gxf5 45.
Nxf5 c4 46. dxc4 Rxc4 47. Rd3 Rcb4 48. Bd4 Nc7 49. Nd6 Rb8 50. e5 Ne6 51.
Bb2 R4b6 52. Rf1 Kg7 53. Rdf3 {Black forfeits on time} 1-0

[Event "ICC tourney 1980 (3 2)"]
[Site "Internet Chess Club"]
[Date "2020.08.28"]
[Round "7"]
[White "jx4"]
[Black "MARMAYOGI11"]
[Result "1-0"]
[ICCResult "Black resigns"]
[WhiteElo "1871"]
[BlackElo "1774"]
[Opening "QGD: 3.Nc3"]
[ECO "D31"]
[NIC "QP.08"]
[Time "21:32:20"]
[TimeControl "180+2"]

1. d4 d5 2. c4 e6 3. Nc3 f5 4. Nf3 c6 5. Bf4 Bd6 6. Bxd6 Qxd6 7. e3 Nd7 8.
Be2 Ngf6 9. O-O O-O 10. Qc2 Ne4 11. Bd3 Rf6 12. Ne2 Rh6 13. Ng3 Ndf6 14. Ne5
Nxg3 15. hxg3 g5 16. Rfe1 Bd7 17. a3 Rf8 18. b4 Be8 19. b5 Nd7 20. bxc6 bxc6
21. cxd5 cxd5 22. Qc6 Qe7 23. Qc7 Qg7 24. Qxa7 Nxe5 25. Qxg7+ Kxg7 26. dxe5
Ba4 27. Reb1 f4 28. Rb7+ Kh8 29. exf4 gxf4 30. gxf4 Rxf4 31. Rc1 Rf8 32.
Rcc7 Rh5 33. Rxh7+ Rxh7 34. Rxh7+ Kg8 35. Ra7 Bb3 36. a4 Rc8 37. a5 Rc1+ 38.
Kh2 Ra1 39. Bb5 Bc4 40. Bd7 d4 41. Rc7 Bd5 42. Rc2 Rxa5 43. Rd2 Bb3 44. Rxd4
Rxe5 45. f4 Re3 46. g4 Kf7 47. Bb5 Bd5 48. Bc4 Bxc4 49. Rxc4 Kf6 50. Kg2 Ra3
51. Re4 Kf7 52. Kf2 Kf6 53. Re3 Ra1 54. Kf3 Rf1+ 55. Ke4 Rg1 56. g5+ Kf7 57.
Ke5 Rb1 58. Rd3 Rb5+ 59. Ke4 Kg6 60. Rd6 Rb4+ 61. Ke5 Kf7 62. Rd7+ Ke8 63.
Ra7 Rb6 64. g6 Kf8 65. Rc7 Kg8 66. g7 Rb1 67. Kf6 Rb8 68. Kxe6 Re8+ 69. Kf6
Kh7 70. Kf7 Rg8 71. Kf6 Kh6 72. Rc3 Kh5 73. Rh3+ Kg4 74. Rh8 Rxg7 75. Kxg7
Kxf4 76. Rh5 Kg4 77. Ra5 Kf4 78. Kf6 {Black resigns} 1-0

[Event "ICC tourney 1980 (3 2)"]
[Site "Internet Chess Club"]
[Date "2020.08.28"]
[Round "7"]
[White "Venom2020"]
[Black "dopolian"]
[Result "1-0"]
[ICCResult "Black forfeits on time"]
[WhiteElo "1910"]
[BlackElo "2059"]
[Opening "KP: Nimzovich defense"]
[ECO "B00"]
[NIC "VO.05"]
[Time "21:32:09"]
[TimeControl "180+2"]

1. e4 Nc6 2. Nf3 d6 3. d4 g6 4. Nc3 Bg4 5. d5 Bxf3 6. Qxf3 Ne5 7. Qd1 Bg7 8.
Be3 Nf6 9. Be2 O-O 10. O-O c5 11. dxc6 bxc6 12. f4 Ned7 13. Qd2 Rb8 14. Rab1
Qa5 15. Bf3 Kh8 16. a3 c5 17. Rfd1 Nb6 18. e5 Nfd7 19. exd6 Nc4 20. Qe2 Nxe3
21. Qxe3 exd6 22. Kh1 Rfe8 23. Qd3 Bd4 24. Ne2 Re3 25. Qd2 Qxd2 26. Rxd2
Rxb2 27. Rxb2 Bxb2 28. Rxd6 Nf6 29. a4 Ra3 30. h3 Rxa4 31. c3 Kg7 32. Rc6
Ba3 33. Rc7 Ra6 34. g4 h6 35. g5 hxg5 36. fxg5 Ne8 37. Re7 Nd6 38. Bd5 c4
39. Rd7 Ra5 40. Nf4 Rb5 41. Kg2 Rb2+ 42. Kg3 Rb6 43. Rxa7 Bc5 44. Ne6+ Kh7
45. Nxc5 Rb5 46. Rc7 Ra5 47. Bxf7 Kg7 48. Bxc4+ Kf8 49. Ne6+ Ke8 50. Bb3 Ra3
51. Ng7+ Kd8 52. Ne6+ Ke8 53. Rc6 Nf5+ 54. Kf4 Rxb3 55. Nd4 Nxd4 56. cxd4
Rxh3 57. Rxg6 Rd3 58. Ke4 Rd1 59. Rf6 Ke7 60. Kd5 Rg1 61. Rg6 Ra1 62. Ke5
Re1+ 63. Kd5 Ra1 64. Rc6 Rg1 65. g6 Rg5+ 66. Kc4 Rg4 67. Kc5 Kd7 68. Rf6 Ke7
69. Ra6 Rg1 70. g7 {Black forfeits on time} 1-0

[Event "ICC tourney 1980 (3 2)"]
[Site "Internet Chess Club"]
[Date "2020.08.28"]
[Round "8"]
[White "MrNormalName"]
[Black "JosephLevine"]
[Result "1-0"]
[ICCResult "Black resigns"]
[WhiteElo "1934"]
[BlackElo "1703"]
[Opening "QGD: exchange, positional line, 5...c6"]
[ECO "D35"]
[NIC "QO.16"]
[Time "21:46:33"]
[TimeControl "180+2"]

1. d4 d5 2. c4 e6 3. Nc3 Nf6 4. cxd5 exd5 5. Bg5 c6 6. e3 Bd6 7. Bd3 O-O 8.
Nge2 Re8 9. Bf4 Bg4 10. Qc2 Bxe2 11. Nxe2 Ne4 12. Bxd6 Qxd6 13. O-O Nd7 14.
f3 Nef6 15. e4 dxe4 16. fxe4 Ng4 17. Rf4 Nxh2 18. Bc4 Re7 19. Rh4 Rae8 20.
e5 Qg6 21. Qxg6 hxg6 22. Kxh2 c5 23. Kg3 cxd4 24. Rah1 {Black resigns} 1-0

[Event "ICC tourney 1980 (3 2)"]
[Site "Internet Chess Club"]
[Date "2020.08.28"]
[Round "8"]
[White "vedanta07"]
[Black "ivo20"]
[Result "1-0"]
[ICCResult "Black resigns"]
[WhiteElo "1378"]
[BlackElo "1235"]
[Opening "Scotch gambit"]
[ECO "C44"]
[NIC "SO.06"]
[Time "21:45:45"]
[TimeControl "180+2"]

1. e4 e5 2. Nf3 Nc6 3. d4 exd4 4. Bc4 Qf6 5. Bg5 Qg6 6. O-O h6 7. Bh4 Be7 8.
Bxe7 Ngxe7 9. Nxd4 Nxd4 10. Qxd4 O-O 11. Nc3 c6 12. f4 d5 13. exd5 Bh3 14.
Rf2 Rad8 15. Kh1 cxd5 16. Bd3 Bf5 17. Bxf5 Qxf5 18. Re1 Nc6 19. Qd2 d4 20.
Ne4 Rfe8 21. Rfe2 d3 22. Nf6+ gxf6 23. Rxe8+ Rxe8 24. Rxe8+ Kg7 25. cxd3 Nd4
26. Qe3 Ne6 27. Qg3+ Qg6 28. Qxg6+ Kxg6 29. Re7 Kg7 30. Rxb7 Nd4 31. Rxa7
Kg6 32. a4 Kf5 33. a5 Kxf4 34. a6 Ke5 35. Rxf7 Ke6 36. a7 Kxf7 37. a8=Q
{Black resigns}
1-0

[Event "ICC tourney 1980 (3 2)"]
[Site "Internet Chess Club"]
[Date "2020.08.28"]
[Round "8"]
[White "espark"]
[Black "Goran21"]
[Result "0-1"]
[ICCResult "White resigns"]
[WhiteElo "1772"]
[BlackElo "2084"]
[Opening "Sicilian"]
[ECO "B54"]
[NIC "SI.01"]
[Time "21:45:43"]
[TimeControl "180+2"]

1. e4 c5 2. Nf3 d6 3. d4 cxd4 4. Nxd4 e5 5. Bb5+ Bd7 6. Bxd7+ Qxd7 7. Nf5
Nf6 8. Nc3 Nxe4 9. Nxg7+ Bxg7 10. Nxe4 d5 11. Nc5 Qd6 12. Nb3 Nc6 13. O-O
O-O 14. Qh5 f5 15. Rd1 a5 16. a4 Rad8 17. f4 exf4 18. Qf3 Ne5 19. Qxf4 Qb6+
20. Be3 Qg6 21. Bd4 Rfe8 22. Nxa5 Bh6 23. Qg3 Ng4 24. Re1 Re4 25. c3 Rde8
26. Rxe4 Rxe4 27. h3 Be3+ 28. Bxe3 Rxe3 29. Qb8+ Re8 30. Qxb7 Ne3 31. g4
fxg4 32. Kh2 g3+ 33. Kg1 Qc2 {White resigns} 0-1

[Event "ICC tourney 1980 (3 2)"]
[Site "Internet Chess Club"]
[Date "2020.08.28"]
[Round "8"]
[White "tactics321"]
[Black "jx4"]
[Result "1-0"]
[ICCResult "Black resigns"]
[WhiteElo "2217"]
[BlackElo "1866"]
[Opening "QGD Slav: 4.e3"]
[ECO "D11"]
[NIC "SL.01"]
[Time "21:45:41"]
[TimeControl "180+2"]

1. d4 d5 2. c4 c6 3. Nf3 Nf6 4. e3 a6 5. Nc3 Bf5 6. Qb3 b5 7. c5 Nbd7 8. a4
b4 9. Qxb4 Rb8 10. Qa3 e5 11. Bxa6 Bg4 12. Be2 Bxf3 13. Bxf3 Be7 14. O-O O-O
15. b4 Ne4 16. Nxe4 dxe4 17. Bxe4 Qc7 18. d5 cxd5 19. Bxd5 Nf6 20. e4 Rfd8
21. Be3 Nxd5 22. exd5 Rxd5 23. Rac1 h5 24. b5 Qa5 25. Qb3 Rdd8 26. c6 Rdc8
27. b6 Qa6 28. Qb5 Qxb5 29. axb5 f5 30. b7 Rc7 31. Kh1 Kf7 32. Kg1 h4 33.
Kh1 Ke6 34. Kg1 f4 35. Ba7 {Black resigns} 1-0

[Event "ICC tourney 1980 (3 2)"]
[Site "Internet Chess Club"]
[Date "2020.08.28"]
[Round "8"]
[White "Venom2020"]
[Black "londonkid"]
[Result "1-0"]
[ICCResult "Black checkmated"]
[WhiteElo "1924"]
[BlackElo "1860"]
[Opening "French: Tarrasch, closed variation"]
[ECO "C05"]
[NIC "FR.17"]
[Time "21:45:39"]
[TimeControl "180+2"]

1. e4 e6 2. d4 d5 3. Nd2 Nf6 4. e5 Nfd7 5. Bd3 c5 6. c3 Nc6 7. Ne2 Qb6 8.
Nf3 cxd4 9. cxd4 f6 10. exf6 Nxf6 11. O-O Bd6 12. b3 e5 13. dxe5 Nxe5 14.
Nxe5 Bxe5 15. Be3 Qd6 16. Rc1 Bxh2+ 17. Kh1 O-O 18. g3 Ng4 19. Bf4 Rxf4 20.
Nxf4 Bxg3 21. Rxc8+ Rxc8 22. Qxg4 Qh6+ 23. Nh3 Rc3 24. Qxg3 Qd2 25. Nf4 h5
26. Rg1 Qxf2 27. Qxg7# {Black checkmated} 1-0

[Event "ICC tourney 1980 (3 2)"]
[Site "Internet Chess Club"]
[Date "2020.08.28"]
[Round "8"]
[White "Kokoro"]
[Black "tangent"]
[Result "1-0"]
[ICCResult "Black checkmated"]
[WhiteElo "1869"]
[BlackElo "1874"]
[Opening "Scandinavian (center counter) defense"]
[ECO "B01"]
[NIC "SD.02"]
[Time "21:46:25"]
[TimeControl "180+2"]

1. e4 d5 2. exd5 Qxd5 3. Nc3 Qd8 4. Nf3 Nf6 5. Bc4 Bf5 6. Ne5 e6 7. Qf3 Qd4
8. Bb5+ c6 9. Nxc6 Nxc6 10. Bxc6+ Kd8 11. Bxb7 Rb8 12. d3 Bb4 13. O-O Ke7
14. Be3 Qh4 15. g3 Qh3 16. Bxa7 Rbd8 17. a3 Bd6 18. Nb5 h5 19. Nxd6 Kxd6 20.
Bc5+ Kxc5 21. Qc6+ Kd4 22. Qc3# {Black checkmated} 1-0

[Event "ICC tourney 1980 (3 2)"]
[Site "Internet Chess Club"]
[Date "2020.08.28"]
[Round "8"]
[White "WR3311"]
[Black "BreatheChessAls"]
[Result "0-1"]
[ICCResult "White resigns"]
[WhiteElo "1565"]
[BlackElo "1561"]
[Opening "English: symmetrical variation"]
[ECO "A30"]
[NIC "EO.64"]
[Time "21:46:30"]
[TimeControl "180+2"]

1. c4 c5 2. Nf3 Nf6 3. g3 e6 4. Bg2 d5 5. cxd5 exd5 6. d4 Nc6 7. dxc5 Bxc5
8. e3 Bb4+ 9. Bd2 Bxd2+ 10. Qxd2 O-O 11. Nc3 Ne4 12. Nxe4 dxe4 13. Qxd8 Rxd8
14. Nd2 f5 15. Nb3 Ne5 16. O-O Be6 17. Nd4 Bd7 18. Rfc1 Rac8 19. Bf1 Kh8 20.
Be2 Nc6 21. Nxc6 Bxc6 22. Rd1 g6 23. Kf1 Kg7 24. Rxd8 Rxd8 25. Rd1 Rxd1+ 26.
Bxd1 Kf6 27. Ke2 Ke5 28. Kd2 h6 29. Bb3 g5 30. Bc4 f4 31. gxf4+ gxf4 32. b4
b5 33. Bb3 fxe3+ 34. Kxe3 Bd5 35. Bxd5 Kxd5 36. a3 Ke5 37. h3 h5 38. h4 a6
39. f3 exf3 40. Kxf3 Kf5 41. Kg3 Ke4 42. Kh3 Kf3 43. Kh2 Kg4 {White resigns}
0-1